 Dungeon Crawl Stone Soup version 0.32-a0-975-g85d4e5bfdb (webtiles) character file.

Game seed: 2979991627977219480

52153 GeoRichter the Fighter (level 14, -5/120 (132) HPs)
             Began as a Grey Draconian Fire Elementalist on Apr 18, 2024.
             Was an Initiate of Gozag.
             Slain by a soul eater (10 damage)
             ... summoned by an orc high priest
             ... on level 2 of the Orcish Mines on Apr 19, 2024.
             The game lasted 00:41:09 (27684 turns).

GeoRichter the Fighter (DrFE)                      Turns: 27684, Time: 00:41:10

HP:   -5/120 (132)  AC: 17    Str: 22    XL:     14   Next: 26%
MP:   0/33          EV: 17    Int: 21    God:    Gozag
Gold: 3769          SH:  0    Dex: 16    Spells: 7/27 levels left

rFire   + + .        o - +3 spear of Leonn {freeze, Str+9 Dex+3}
rCold   + . .        s - orb {*channel}
rNeg    . . .        (body armour unavailable)
rPois   .            (helmet restricted)
rElec   .            d - +2 cloak of Negation {rF++ Str-4 Slay+2}
rCorr   .            y - +0 pair of gloves {Stlth+}
SInv    .            (no boots)
Will    +....        H - amulet of Lozunyas {Regen+ Str+6 Int+2}
Stlth   +++          w - ring of protection from cold
HPRegen 1.20/turn    F - ring of magical power
MPRegen 0.23/turn

%: channel magic (20%)
@: studying Dodging, drained
A: mud breath, mud-swimmer, AC +13, amphibious, unfitting armour, cold-blooded
a: Mud Breath, Renounce Religion, Potion Petition, Call Merchant, Bribe Branch


You were on level 2 of the Orcish Mines.
You worshipped Gozag.
Gozag was most pleased with you.
You visited 3 branches of the dungeon, and saw 18 of its levels.
You also visited: Bailey and Ice Cave.

You collected 4659 gold pieces.
You spent 707 gold pieces at shops.
You paid 183 gold pieces to Gozag.

Inventory:

Hand Weapons
 o - the +3 spear of Leonn (weapon) {freeze, Str+9 Dex+3}
   (You found it on level 6 of the Dungeon)

   Str+9:     It affects your strength (+9).
   Dex+3:     It affects your dexterity (+3).
 r - a +4 dagger
   (You took it off a wight on level 6 of the Dungeon)
Missiles
 a - 14 poisoned darts
 h - 6 atropa-tipped darts
 K - 2 throwing nets {!f}
Armour
 d - the +2 cloak of Negation (worn) {rF++ Str-4 Slay+2}
   (You bought it in a shop on level 3 of the Dungeon)

   Str-4:     It affects your strength (-4).
   Slay+2:    It affects your accuracy & damage with ranged weapons and melee
   (+2).
   rF++:      It greatly protects you from fire.
 q - a +0 buckler
   (You found it on level 6 of the Dungeon)
 s - an orb of energy (worn)
   (You took it off Jeremiah on level 7 of the Dungeon)
 y - a +0 pair of gloves of stealth (worn)
   (You bought it in a shop on level 3 of the Dungeon)
Jewellery
 w - a ring of protection from cold (left hand)
   (You found it on level 7 of the Dungeon)
 F - a ring of magical power (right hand)
   (You found it on level 9 of the Dungeon)
 H - the amulet of Lozunyas (around neck) {Regen+ Str+6 Int+2}
   (You found it on level 2 of the Lair of Beasts)

   [amulet of regeneration]

   Str+6:     It affects your strength (+6).
   Int+2:     It affects your intelligence (+2).
   Regen+:    It increases your rate of health regeneration.
 J - a ring of resist corrosion
   (You found it on level 3 of the Lair of Beasts)
Wands
 i - a wand of mindburst (10)
   (You found it on level 3 of the Dungeon)
 l - a wand of warping (27)
   (You found it on level 6 of the Dungeon)
 n - a wand of polymorph (6)
   (You found it on level 4 of the Dungeon)
 B - a wand of flame (67)
   (You took it off Crazy Yiuf on level 7 of the Dungeon)
 P - a wand of acid (8)
   (You found it on level 5 of the Lair of Beasts)
Scrolls
 b - 3 scrolls of enchant weapon
 c - 4 scrolls of teleportation {@r4}
 e - 3 scrolls of butterflies
 g - 2 scrolls of silence
 k - 2 scrolls of enchant armour
 p - 3 scrolls of poison {!r}
 t - 4 scrolls of identify {@r1}
 v - 3 scrolls of fog
 x - a scroll of fear
 G - 3 scrolls of blinking
 L - a scroll of amnesia
Potions
 f - 3 potions of brilliance
 j - 3 potions of enlightenment
 m - 5 potions of ambrosia
 u - 3 potions of haste {@q3}
 z - a potion of mutation {!q}
 A - 2 potions of resistance {unknown}
 C - 2 potions of curing {@q1}
 D - a potion of might
 E - 3 potions of attraction {!q}
 I - 2 potions of degeneration {unknown}
 N - 2 potions of invisibility {unknown}
Miscellaneous
 O - a phantom mirror
   (You found it on level 4 of the Lair of Beasts)


   Skills:
 + Level 14.2 Fighting
 + Level 10.9 Dodging
 - Level 1.7 Stealth
 - Level 7.0 Spellcasting
 - Level 7.9 Conjurations
 - Level 6.0 Fire Magic
 * Level 11.6 Ice Magic
 - Level 14.0 Earth Magic


You had 7 spell levels left.
You knew the following spells:

 Your Spells              Type           Power      Damage    Failure   Level
a - Foxfire               Conj/Fire      100%       2x1d9     3%          1
b - Scorch                Fire           64%        2d7       5%          2
c - Permafrost Eruption   Ice/Erth       28%        2x4d7     19%         6
d - Stone Arrow           Conj/Erth      100%       3d13      2%          3
e - Lee's Rapid Deconstr  Erth           30%        3d16*     4%          5
f - Passwall              Erth           60%        N/A       1%          3

Your spell library contained the following spells:

 Spells                   Type           Power      Damage    Failure   Level
 Sandblast                Erth           100%       2d20      1%          1
 Brom's Barrelling Bould  Conj/Erth      52%        2d7       5%          4
 Flame Wave               Conj/Fire      36%        2d10      14%         4
 Leda's Liquefaction      Alch/Erth      18%        N/A       14%         4
 Inner Flame              Hex/Fire       19%        N/A       21%         3
 Volatile Blastmotes      Fire/Tloc      38%        2d13      21%         3
 Iskenderun's Battlesphe  Conj           40%        2d9       24%         5
 Fireball                 Conj/Fire      18%        3d9       32%         5
 Tukima's Dance           Hex            7%         N/A       47%         3
 Arcjolt                  Conj/Air       12%        1d22      65%         5
 Passage of Golubria      Tloc           7%         N/A       83%         4
 Vhi's Electric Charge    Tloc/Air       14%        N/A       83%         4
 Summon Forest            Summ/Tloc      3%         N/A       98%         5
 Summon Mana Viper        Hex/Summ       7%         N/A       98%         5
 Yara's Violent Unravell  Hex/Alch       3%         3d4       98%         5
 Conjure Ball Lightning   Conj/Air       12%        3x3d6     99%         6
 Plasma Beam              Fire/Air       9%         2x1d20    99%         6
 Orb of Destruction       Conj           20%        9d8       99%         7
 Summon Cactus Giant      Summ           3%         N/A       100%        6


Dungeon Overview and Level Annotations

Branches:
Dungeon (11/15) Zot: 25528  Temple (0/1) D:7            Lair (5/5) D:8 Zot: 19440
  Swamp (0/4) Lair:2       Spider (0/4) Lair:2        Slime (0/5) Lair:5
    Orc (2/2) D:11 Zot: 11164     Elf (0/3) Orc:2        Bailey (visited)
  IceCv (visited)

Altars:
Elyvilon
Fedhas
Gozag
Makhleb
Trog
Xom
Yredelemnul
The Shining One
Jiyva

Shops:
D:3 [   Orc:1 [

Annotations:
D:7 exclusion: cyclops


Innate Abilities, Weirdness & Mutations

You can breathe torrents of mud.
You are unimpeded by mud.
Your dull iron-grey scales are very hard. (AC +13)
You are amphibious.
You cannot fit into any form of body armour.
You are cold-blooded and may be slowed by cold attacks.


Message History

The stone arrow hits the orc warrior!!
The orc warrior is severely wounded.
The orc warrior hits you with a +0 long sword!
* * * LOW HITPOINT WARNING * * *
The orc high priest mumbles some strange prayers.
Aiming: Stone Arrow (mildly dangerous; 2% risk of failure)
Press: ? - help, Q - select action, (/) - cycle Shift-Dir - straight line, f/p - orc warrior
Aim: an orc warrior, wielding a +0 long sword and wearing a +0 plate armour (severely wounded, 78% to hit)
The stone arrow hits the orc warrior!!
You kill the orc warrior!
The orc high priest invokes the aid of Beogh against you.
Pain shoots through your body!
* * * LOW HITPOINT WARNING * * *
Aiming: Stone Arrow (mildly dangerous; 2% risk of failure)
Press: ? - help, Q - select action, (/) - cycle Shift-Dir - straight line, f - orc high priest
Aim: an orc high priest, wielding a +0 scimitar (fast, 72% to hit)
The stone arrow hits the orc high priest!
The orc high priest is moderately wounded.
The orc high priest misses you.
Aiming: Stone Arrow (mildly dangerous; 2% risk of failure)
Press: ? - help, Q - select action, (/) - cycle Shift-Dir - straight line, f/p - orc high priest
Aim: an orc high priest, wielding a +0 scimitar (moderately wounded, fast, 72% to hit)
The stone arrow misses the orc high priest.
The stone arrow hits the orc warrior!!
The orc warrior is almost dead.
The orc high priest hits you but does no damage.
Aiming: Stone Arrow (mildly dangerous; 2% risk of failure)
Press: ? - help, Q - select action, (/) - cycle Shift-Dir - straight line, f/p - orc high priest
Aim: an orc high priest, wielding a +0 scimitar (moderately wounded, fast, 72% to hit)
The stone arrow hits the orc high priest!!
The orc high priest is severely wounded.
The orc high priest utters an invocation to Beogh.
The orc high priest mumbles some strange prayers to Beogh.
Aiming: Stone Arrow (mildly dangerous; 2% risk of failure)
Press: ? - help, Q - select action, (/) - cycle Shift-Dir - straight line, f/p - orc high priest
Aim: an orc high priest, wielding a +0 scimitar (severely wounded, fast, 72% to hit)
The stone arrow hits the orc high priest!
The orc high priest is almost dead.
The orc high priest hits you but does no damage.
The soul eater hits you!
* * * LOW HITPOINT WARNING * * *
You feel drained.
* * * LOW HITPOINT WARNING * * *
You closely miss the orc high priest.
The orc high priest is almost dead.
The orc high priest hits you with a +0 scimitar!
* * * LOW HITPOINT WARNING * * *
The soul eater hits you!
You die...
Your body crumbles into a pile of gold.

##..#......... #..###.<...##.
#...## #........ ....###
#........ ##### ##....... #..#
#### ###.#... ... ####### #..####
###... #.###.##... ######4....##
#.... ...#.......###.3@oo3.....##
#...$
..#............#####...)..###....
..............## ##..<[##......
..........$..## ##..)...#####
......#.#.#..# #......# #
......#####..# +......# #
........##...# #......# +
........##...## ##......#####
..##....#.....## ##....##......


You could see a soul eater (summoned), an orc high priest (fast), a hellwing
(summoned), a smoke demon (summoned) and an orc warrior.

Vanquished Creatures
  Snorg (Orc:1)
  A fire dragon (Lair:5)
  A hydra (Lair:5)
  Fannar (Orc:1)
  5 catoblepae
  2 boulder beetles
  2 two-headed ogres
  8 death yaks
  Nergalle (Orc:2)
  2 skysharks
  A lindwurm (Lair:3)
  3 ugly things
  An orc sorcerer (D:11)
  A cyclops (D:11)
  4 manticores
  6 black mambas
  2 gargoyles (D:10)
  8 cane toads
  An unseen horror (D:10)
  Jeremiah (D:7)
  A torpor snail (Lair:5)
  2 ice devils (Orc:2)
  9 komodo dragons
  3 rime drakes
  Psyche (D:9)
  A queen bee (Lair:3)
  A troll (Orc:2)
  2 polar bears
  A jumping spider (Lair:2)
  34 blink frogs
  2 shadows (D:11)
  6 wyverns
  A vampire (D:11)
  A wraith (D:11)
  2 wargs (Orc:2)
  33 yaks
  3 redbacks
  A death yak simulacrum (IceCv)
  A steam dragon (D:9)
  Menkaure (D:6)
  17 water moccasins
  Duvessa (D:7)
  2 acid dragons
  10 orc warriors
  A sky beast (D:4)
  12 centaurs
  4 black bears
  5 ogres
  3 wolves (Lair:5)
  5 phantoms
  4 bullfrogs
  A gnoll sergeant (D:10)
  3 scorpions
  13 wights
  A troll zombie (D:11)
  Dowan (D:7)
  32 killer bees
  An elephant simulacrum (IceCv)
  6 howler monkeys
  9 electric eels (Lair:2)
  2 centaur zombies (D:4)
  6 hounds
  Crazy Yiuf (D:7)
  A bombardier beetle (D:4)
  3 jellies
  11 orc priests
  4 iguanas
  A sleepcap (D:7)
  11 orc wizards
  6 hell rats (Lair:5)
  A polar bear simulacrum (IceCv)
  2 scorpion zombies (D:4)
  5 ogre zombies (D:11)
  2 hound zombies (D:4)
  2 hound skeletons (D:4)
  Robin (D:3)
  3 gnolls (D:10)
  7 adders
  A shadow imp (D:8)
  3 white imps
  4 ufetubi
  An adder skeleton (D:4)
  A dart slug (D:2)
  A ribbon worm (D:5)
  56 orcs
  7 bats
  5 endoplasms
  3 giant cockroaches
  17 goblins
  10 hobgoblins
  4 jackals (D:4)
  6 quokkas
  6 ball pythons
  3 frilled lizards
  2 gnoll skeletons (D:11)
  7 kobolds
  4 orc skeletons (D:11)
  13 orc zombies (D:11)
  6 rats
518 creatures vanquished.

Vanquished Creatures (others)
  An arcanist (D:3)
  584 foxfires
585 creatures vanquished.

Grand Total: 1103 creatures vanquished

Notes
Turn   | Place    | Note
-------+----------+-------------------------------------------
     0 | D:1      | GeoRichter the Draconian Fire Elementalist began the quest
                  | for the Orb.
     0 | D:1      | Reached XP level 1. HP: 14/14 MP: 3/3
   267 | D:1      | Reached XP level 2. HP: 20/20 MP: 0/5
  1350 | D:2      | Reached XP level 3. HP: 26/26 MP: 4/6
  1357 | D:2      | Learned a level 2 spell: Scorch
  2143 | D:3      | Found Cuupuheb's Armour Shoppe.
  2192 | D:3      | Reached XP level 4. HP: 33/33 MP: 2/8
  2293 | D:3      | Found a faded altar of an unknown god.
  2307 | D:3      | Prayed at the altar of an unknown god.
  2307 | D:3      | Became a worshipper of Elyvilon the Healer
  2307 | D:3      | Reached * piety under Elyvilon
  2860 | D:3      | Noticed Robin
  2866 | D:3      | Killed Robin
  2963 | D:3      | Found a glowing golden altar of the Shining One.
  3201 | D:3      | Found a bloodstained altar of Trog.
  3204 | D:3      | Noticed a wizard
  3208 | D:3      | Killed a wizard
  3324 | D:4      | Reached ** piety under Elyvilon
  3340 | D:4      | Noticed a phantom
  3352 | D:4      | Killed a phantom
  3353 | D:4      | Reached skill level 5 in Fire Magic
  3353 | D:4      | Reached XP level 5. HP: 8/38 MP: 6/10
  3356 | D:4      | Noticed a phantom
  3599 | D:4      | Noticed a sky beast
  3604 | D:4      | Killed a sky beast
  3605 | D:4      | Reached XP level 6. HP: 36/45 MP: 4/11
  3966 | D:4      | Noticed a water moccasin
  3973 | D:4      | Killed a water moccasin
  3974 | D:4      | Reached skill level 1 in Fighting
  3974 | D:4      | Your scales start taking on a dull iron-grey colour.
  3974 | D:4      | Reached XP level 7. HP: 52/52 MP: 6/13
  4846 | D:5      | Entered Level 5 of the Dungeon
  5143 | D:5      | Reached skill level 5 in Spellcasting
  5143 | D:5      | Reached XP level 8. HP: 62/63 MP: 0/15
  5294 | D:5      | Identified the +4 quarterstaff "Himysar" {protect, ^Fragile
                  | rN+++ Int-5 Stlth+}
  5349 | D:5      | Reached *** piety under Elyvilon
  5415 | D:5      | Found a shimmering altar of Xom.
  5676 | D:6      | Reached skill level 5 in Conjurations
  6446 | D:6      | Noticed Menkaure
  6449 | D:6      | Killed Menkaure
  6450 | D:6      | Reached skill level 5 in Fighting
  6618 | D:6      | Reached **** piety under Elyvilon
  6683 | D:6      | Found a basalt altar of Yredelemnul.
  6734 | D:6      | Identified the +3 spear of Leonn {freeze, Str+9 Dex+3}
  6966 | D:7      | Noticed Duvessa
  6970 | D:7      | Noticed Dowan
  6977 | D:7      | Killed Duvessa
  6978 | D:7      | Reached XP level 9. HP: 74/74 MP: 3/18
  6979 | D:7      | Killed Dowan
  7142 | D:7      | Noticed Jeremiah
  7215 | D:7      | Killed Jeremiah
  7670 | D:7      | Learned a level 3 spell: Passwall
  7687 | D:7      | Reached skill level 1 in Earth Magic
  7757 | D:7      | Noticed a green ugly thing
  7772 | D:7      | Killed a green ugly thing
  8263 | D:7      | Noticed a cyclops
  8298 | D:7      | Found a staircase to the Ecumenical Temple.
  8354 | D:7      | Reached skill level 5 in Earth Magic
  8358 | D:7      | Learned a level 3 spell: Stone Arrow
  8527 | D:7      | Found a runed translucent door.
  8528 | D:7      | Noticed Crazy Yiuf
  8762 | D:7      | Killed Crazy Yiuf
  8997 | D:8      | Reached XP level 10. HP: 86/86 MP: 13/20
  9055 | D:8      | Noticed a two-headed ogre
  9062 | D:8      | Killed a two-headed ogre
  9501 | D:8      | Found a staircase to the Lair.
  9841 | D:8      | Found a burning altar of Makhleb.
  9842 | D:8      | Found an opulent altar of Gozag.
  9849 | D:8      | Fell from the grace of Elyvilon
  9849 | D:8      | Became a worshipper of Gozag Ym Sagoz the Greedy
 10230 | D:9      | Found a blossoming altar of Fedhas.
 10267 | D:9      | Noticed Psyche
 10317 | D:9      | Killed Psyche
 10632 | D:9      | Noticed a manticore
 10668 | D:9      | Killed a manticore
 10989 | D:9      | Noticed a purple ugly thing
 10998 | D:9      | Killed a purple ugly thing
 10999 | D:9      | Reached skill level 10 in Earth Magic
 11467 | D:3      | Bought the +2 cloak of Negation {rF++ Str-4 Slay+2} for 546
                  | gold pieces
 11599 | D:10     | Entered Level 10 of the Dungeon
 11827 | D:10     | Noticed a gargoyle
 11832 | D:10     | Found a flagged portal.
 11846 | D:10     | Killed a gargoyle
 11847 | D:10     | Reached XP level 11. HP: 36/97 MP: 8/21
 11955 | Bailey   | Entered a bailey
 13417 | D:10     | Noticed a two-headed ogre
 13426 | D:10     | Killed a two-headed ogre
 14500 | D:3      | Bought a +0 pair of gloves of stealth for 161 gold pieces
 14606 | Lair:1   | Entered Level 1 of the Lair of Beasts
 14613 | Lair:1   | Learned a level 5 spell: Lee's Rapid Deconstruction
 14655 | Lair:1   | Reached skill level 10 in Fighting
 16172 | Lair:2   | Noticed a skyshark
 16180 | Lair:2   | Killed a skyshark
 16364 | Lair:1   | Reached XP level 12. HP: 100/110 MP: 5/22
 16532 | Lair:1   | Reached skill level 1 in Ice Magic
 17297 | Lair:2   | Found a hole to the Spider Nest.
 17829 | Lair:2   | Reached skill level 5 in Dodging
 18082 | Lair:2   | Reached skill level 5 in Ice Magic
 18450 | Lair:2   | Identified the amulet of Lozunyas {Regen+ Str+6 Int+2}
 18617 | Lair:2   | Found a staircase to the Swamp.
 18900 | Lair:2   | Learned a level 6 spell: Permafrost Eruption
 20281 | Lair:3   | Reached XP level 13. HP: 59/119 MP: 6/23
 21611 | Lair:4   | Noticed a fire dragon
 21852 | Lair:5   | Entered Level 5 of the Lair of Beasts
 22084 | Lair:5   | Found a viscous altar of Jiyva.
 22085 | Lair:5   | Found a staircase to the Slime Pits.
 23180 | Lair:5   | Killed a fire dragon
 23371 | Lair:5   | Reached skill level 10 in Ice Magic
 24519 | Lair:5   | Reached skill level 10 in Dodging
 24930 | Lair:5   | Reached XP level 14. HP: 84/130 MP: 3/24
 25166 | D:10     | Upgraded the game from 0.32-a0-968-g61e5eb5241 to
                  | 0.32-a0-975-g85d4e5bfdb
 25543 | D:11     | Found a staircase to the Orcish Mines.
 26671 | Orc:1    | Entered Level 1 of the Orcish Mines
 26678 | Orc:1    | Found Vali Gomn's Armour Shop.
 26692 | Orc:1    | Noticed Fannar
 26697 | Orc:1    | Killed Fannar
 26709 | Orc:1    | Noticed Snorg
 26719 | Orc:1    | Killed Snorg
 26951 | Orc:2    | Entered Level 2 of the Orcish Mines
 27204 | Orc:1    | Noticed Nergalle
 27346 | Orc:2    | Found a staircase to the Elven Halls.
 27369 | Orc:2    | Found a frozen archway.
 27417 | IceCv    | Entered an ice cave
 27571 | IceCv    | Found a transporter.
 27585 | IceCv    | Found a transporter.
 27677 | Orc:2    | Killed Nergalle
 27684 | Orc:2    | HP: 5/120 [orc high priest/+0 scimitar (10)]
 27684 | Orc:2    | Slain by a soul eater

Illustrated notes

Levels and vault maps discovered:
D:1:      tarquinn_simple_flora_water_a, layout_loops_corners, minmay_tromino_v7
D:2:      layout_basic
D:3:      layout_loops_ring, trog_wizard, amcnicky_altar_gilded,
          basic_ecumenical_altar, serial_shops, nicolae_shop_tiny_statue_garden,
          uniq_robin
D:4:      layout_basic, serial_undead, serial_undead_c, serial_undead_f,
          serial_undead_b, serial_undead_b, serial_undead_f, serial_undead_c,
          serial_undead_b, minmay_manual_monstrance
D:5:      layout_cave_pools, mainiacjoe_overflow_brackets, kennysheep_crisscross
D:6:      layout_gridville, kennysheep_little_box, uniq_menkaure
D:7:      layout_rooms, minmay_temple_entry_water_ring, kb_rosetta,
          uniq_duvessa, uniq_jeremiah, uniq_crazy_yiuf_cottage
D:8:      layout_cave_pools, gammafunk_temple_overflow_statue, lair_entry_dummy
D:9:      layout_stronghold, fedhas_altar_2, uniq_psyche
D:10:     layout_loops_corners, enter_bailey_3, minmay_fractal_squares_gapless_5
D:11:     layout_loops_ring, zombieorc1_lemuel, nicolae_wwwww
Lair:1:   layout_cave_pods
Lair:2:   layout_gridlike, minmay_swamp_entry_eels, spider_nest_entry_a,
          serial_bayou, serial_bayou_lake_a, serial_bayou_pond_e,
          serial_bayou_shore_b, serial_bayou_pond_d
Lair:3:   layout_roguey, special_room [special_room_bee], minmay_holes
Lair:4:   dragon1_lemuel, layout_regular_city
Lair:5:   evilmike_catoblepas_cave, layout_loops_ring, slime_entry_1
Orc:1:    layout_diamond_mine, enter_volcano_3, serial_shops,
          nicolae_shop_trees, guppyfry_orc_lava_fort, uniq_snorg, uniq_fannar,
          uniq_nergalle
Orc:2:    grunt_orc_community_town_hall, layout_diamond_mine,
          grunt_orc_community_big_house_2, grunt_orc_community_big_house_1,
          grunt_orc_community_house_2, grunt_orc_community_house_1,
          grunt_orc_community_house_3, grunt_orc_community_house_2,
          grunt_orc_community_house_1, grunt_orc_community_house_3,
          portal_ice_cave_demonic_guard

Skill      XL: |  1  2  3  4  5  6  7  8  9 10 11 12 13 14 |
---------------+-------------------------------------------+-----
Fire Magic     | 4 5 6 |  6.0
Spellcasting   | 3 4 5 6 7 |  7.0
Fighting       | 1 3 5 7 9 11 12 13 14 | 14.2
Conjurations   | 2 4 7 |  7.9
Earth Magic    | 5 10 14 | 14.0
Dodging        | 7 10 | 10.9
Ice Magic      | 7 10 11 | 11.6
Stealth        | |  1.7

Action                     |  1- 3 |  4- 6 |  7- 9 | 10-12 | 13-15 || total
---------------------------+-------+-------+-------+-------+-------++-------
  Melee: Short sword       |     3 |       |       |       |       ||     3
         Tailslap          |     1 |    10 |     8 |    11 |    21 ||    51
         Dagger            |    12 |    39 |    19 |       |       ||    70
         Unarmed           |       |     3 |       |       |       ||     3
         Spear             |       |       |     5 |   116 |   108 ||   229
   Cast: Foxfire           |    45 |    46 |   162 |    82 |       ||   335
         Scorch            |     6 |    23 |    91 |    80 |    23 ||   223
         Stone Arrow       |       |       |    11 |   332 |   383 ||   726
         Permafrost Erupti |       |       |       |     1 |       ||     1
Ability: Mud Breath        |       |       |     3 |     1 |     3 ||     7
  Evoke: Wand              |       |       |     2 |    11 |       ||    13
         Phantom mirror    |       |       |       |       |     1 ||     1
    Use: Scroll            |     3 |     1 |     4 |    10 |     4 ||    22
         Potion            |       |     1 |     1 |     3 |     3 ||     8
   Stab: Sleeping          |     2 |     1 |     1 |     2 |       ||     6
         Distracted        |       |       |       |     1 |       ||     1
 Armour: Skin              |    14 |    42 |    84 |   387 |   297 ||   824
  Dodge: Dodged            |    13 |    39 |    63 |   366 |   262 ||   743
  Block: Buckler           |       |       |     7 |    78 |       ||    85

Table legend: (Time is in decaauts)
 A = Elapsed time spent in this place.
 B = Non-inter-level travel time spent in this place.
 C = Inter-level travel time spent in this place.
 D = Time resting spent in this place.
 E = Time spent auto-exploring this place.
 F = Levels seen in this place.
 G = Mean time per level.
                   A        B        C        D        E       F      G
               +--------+--------+--------+--------+--------+-----+--------+
         Total |  27725 |  26120 |   1605 |   2037 |  19418 |  20 | 1386.2 |
       Dungeon |  14903 |  13938 |    965 |    873 |  11033 |  11 | 1354.8 |
          Lair |  10559 |   9988 |    571 |    420 |   7853 |   5 | 2111.8 |
  Orcish Mines |    834 |    766 |     68 |     54 |    197 |   2 |  417.0 |
        Bailey |   1246 |   1246 |      0 |    565 |    335 |   1 | 1246.0 |
      Ice Cave |    181 |    181 |      0 |    125 |      0 |   1 |  181.0 |
               +--------+--------+--------+--------+--------+-----+--------+

Top non-repeatable levels by time:
  Lair:5: 2881 daAuts
  Lair:1: 2580 daAuts
  Lair:3: 1884 daAuts
     D:7: 1792 daAuts
  Lair:2: 1754 daAuts
     D:6: 1620 daAuts
     D:9: 1608 daAuts
    D:11: 1471 daAuts
    D:10: 1466 daAuts
  Lair:4: 1458 daAuts
     D:3: 1432 daAuts
     D:4: 1408 daAuts
     D:1: 1346 daAuts
  Bailey: 1246 daAuts
     D:8: 1053 daAuts
